| TOP OF THE 1ST |
|
Everett AquaSox batting - Pitching for Connecticut Tigers : RHP Jared Barger
|
|
Pitching: RHP Jared Barger
|
|
|
Batting: RHB Heihachiro Fujita
|
0-0: Ball 1-0: Ball 2-0: Ball 3-0: Base on Balls
|
|
Batting: RHB Tze-meng Li
|
0-0: Ball 1-0: Called Strike Heihachiro Fujita steals 2nd, throwing error, E2 Heihachiro Fujita to third 1-1: Foul Ball, location: 2F 1-2: Ball 2-2: Fly out, F9 (Flyball, 89M, EV 78.8 MPH) Runner from 3rd tags up, SCORES, throw by RF
|
|
Batting: RHB Ryan Criollo
|
0-0: Ball 1-0: Ball 2-0: Foul Ball, location: 2F 2-1: SINGLE (Groundball, 34D, EV 101.9 MPH)
|
|
Batting: RHB Jesus Santiago
|
0-0: Ball 1-0: Fielders Choice at 2nd, 5-4 (Groundball, 56, EV 90.0 MPH)
|
|
Batting: LHB Addisu Nyamekye
|
0-0: Fly out, F9 (Line Drive, 9LS, EV 88.8 MPH)
|
| Top of the 1st over - 1 run, 1 hit, 1 error, 1 left on base; Everett 1 - Connecticut 0 |
| BOTTOM OF THE 1ST |
|
Connecticut Tigers batting - Pitching for Everett AquaSox : RHP Raul Lopez
|
|
Pitching: RHP Raul Lopez
|
|
|
Batting: RHB Omar del Pino
|
0-0: Called Strike 0-1: Swinging Strike 0-2: Ball 1-2: Ball 2-2: Foul Ball, location: 2F 2-2: Ball 3-2: Base on Balls
|
|
Batting: RHB Jose Evangelista
|
0-0: Called Strike Omar del Pino steals 2nd base 0-1: Called Strike Omar del Pino steals 3rd base (no throw) 0-2: Ball 1-2: Fly out, F7 (Flyball, 7LS, EV 90.0 MPH)
|
|
Batting: RHB Tony Soto
|
0-0: Swinging Strike 0-1: Foul Ball, location: 2F 0-2: Foul Ball, location: 2F 0-2: Ball 1-2: Strikes out swinging
|
|
Batting: RHB Jeremiah Washington
|
0-0: Called Strike 0-1: Foul Ball, location: 2F 0-2: Ball 1-2: Foul Ball, location: 2F 1-2: Ball 2-2: SINGLE (Line Drive, 78S, EV 109.4 MPH) Omar del Pino scores
|
|
Batting: RHB Kevin Steed
|
0-0: Ball Jeremiah Washington steals 2nd base 1-0: Called Strike 1-1: Ball 2-1: Ball 3-1: Base on Balls
|
|
Batting: RHB Emil Wilbrink
|
0-0: Called Strike 0-1: Foul Ball, location: 2F 0-2: Ball 1-2: Ball 2-2: Strikes out looking
|
| Bottom of the 1st over - 1 run, 1 hit, 0 errors, 2 left on base; Everett 1 - Connecticut 1 |
| TOP OF THE 2ND |
|
Everett AquaSox batting - Pitching for Connecticut Tigers : RHP Jared Barger
|
|
Batting: RHB Victor Rosas
|
0-0: Ball 1-0: Ball 2-0: Ball 3-0: Base on Balls
|
|
Batting: SHB Garrett McKenna
|
Pickoff Throw to First - Out! 1-3 0-0: Ground out 4-3 (Groundball, 34, EV 103.8 MPH)
|
|
Batting: RHB Omar Solis
|
0-0: Ground out U3 (Groundball, 3S, EV 70.0 MPH)
|
| Top of the 2nd over - 0 runs, 0 hits, 0 errors, 0 left on base; Everett 1 - Connecticut 1 |
| BOTTOM OF THE 2ND |
|
Connecticut Tigers batting - Pitching for Everett AquaSox : RHP Raul Lopez
|
|
Batting: LHB Tokugoro Adachi
|
0-0: Called Strike 0-1: Ball 1-1: Ball 2-1: Foul Ball, location: 2F 2-2: Ball 3-2: Strikes out swinging
|
|
Batting: SHB Duri Chilemba
|
0-0: Foul Ball, location: 2F 0-1: Swinging Strike 0-2: Strikes out swinging
|
|
Batting: RHB Norm Wood
|
0-0: Ball 1-0: Called Strike 1-1: Foul Ball, location: 2F 1-2: Ball 2-2: Ball 3-2: Ground out 5-3 (Groundball, 56S, EV 86.2 MPH)
|
| Bottom of the 2nd over - 0 runs, 0 hits, 0 errors, 0 left on base; Everett 1 - Connecticut 1 |
| TOP OF THE 3RD |
|
Everett AquaSox batting - Pitching for Connecticut Tigers : RHP Jared Barger
|
|
Batting: RHB Houston Brock
|
0-0: Called Strike 0-1: Ball 1-1: Ball 2-1: Ball 3-1: SINGLE (Groundball, 4MS, EV 69.4 MPH) (infield hit)
|
|
Batting: RHB Heihachiro Fujita
|
0-0: Ball 1-0: Foul Ball, location: 2F 1-1: Ball Houston Brock steals 2nd base 2-1: Called Strike Houston Brock steals 3rd base 2-2: Strikes out swinging
|
|
Batting: RHB Tze-meng Li
|
0-0: Called Strike 0-1: Ball 1-1: Ball 2-1: Ball 3-1: SINGLE (Groundball, 6MD, EV 95.6 MPH) Houston Brock scores
|
|
Batting: RHB Ryan Criollo
|
0-0: Ball 1-0: Swinging Strike 1-1: Swinging Strike 1-2: Ball 2-2: Ball 3-2: DOUBLE (Line Drive, 9LM, EV 111.2 MPH) Tze-meng Li to third Tze-meng Li scores
|
|
Batting: RHB Jesus Santiago
|
0-0: Swinging Strike 0-1: Foul Ball, location: 2F 0-2: Ball 1-2: Ball 2-2: Foul Ball, location: 2F 2-2: Strikes out swinging
|
|
Batting: LHB Addisu Nyamekye
|
0-0: Called Strike 0-1: Foul Ball, location: 2F 0-2: Strikes out swinging
|
| Top of the 3rd over - 2 runs, 3 hits, 0 errors, 1 left on base; Everett 3 - Connecticut 1 |
| BOTTOM OF THE 3RD |
|
Connecticut Tigers batting - Pitching for Everett AquaSox : RHP Raul Lopez
|
|
Batting: RHB Omar del Pino
|
0-0: Ball 1-0: Called Strike 1-1: Ground out 4-3 (Groundball, 4, EV 87.5 MPH)
|
|
Batting: RHB Jose Evangelista
|
0-0: Ball 1-0: SINGLE (Groundball, 34D, EV 109.4 MPH)
|
|
Batting: RHB Tony Soto
|
0-0: Ball Jose Evangelista steals 2nd base 1-0: Ball 2-0: Called Strike 2-1: Ball 3-1: Foul Ball, location: 2F 3-2: Foul Ball, location: 2F 3-2: SINGLE (Flyball, 4D, EV 96.2 MPH) Jose Evangelista to third
|
|
Batting: RHB Jeremiah Washington
|
0-0: Called Strike 0-1: Called Strike 0-2: Foul Ball, location: 2F 0-2: Fly out, F9 (Flyball, 9S, EV 85.0 MPH)
|
|
Batting: RHB Kevin Steed
|
0-0: Swinging Strike 0-1: Ball Passed Ball! Jose Evangelista scores Tony Soto to second 1-1: SINGLE (Line Drive, 9LS, EV 93.8 MPH) Tony Soto to third Runner from 3rd tries for Home, throw by RF and OUT! 9-2
|
| Bottom of the 3rd over - 1 run, 3 hits, 0 errors, 1 left on base; Everett 3 - Connecticut 2 |
| TOP OF THE 4TH |
|
Everett AquaSox batting - Pitching for Connecticut Tigers : RHP Jared Barger
|
|
Batting: RHB Victor Rosas
|
0-0: Swinging Strike 0-1: Foul Ball, location: 2F 0-2: Ball 1-2: Ball 2-2: Strikes out swinging
|
|
Batting: SHB Garrett McKenna
|
0-0: Ball 1-0: Called Strike 1-1: Foul Ball, location: 2F 1-2: Foul Ball, location: 2F 1-2: Foul Ball, location: 2F 1-2: Ball 2-2: Fly out, F7 (Flyball, 7, EV 71.9 MPH)
|
|
Batting: RHB Omar Solis
|
0-0: Ball 1-0: Ground out 5-3 (Groundball, 56, EV 106.9 MPH)
|
| Top of the 4th over - 0 runs, 0 hits, 0 errors, 0 left on base; Everett 3 - Connecticut 2 |
| BOTTOM OF THE 4TH |
|
Connecticut Tigers batting - Pitching for Everett AquaSox : RHP Raul Lopez
|
|
Batting: RHB Emil Wilbrink
|
0-0: Ball 1-0: Foul Ball, location: 2F 1-1: Foul Ball, location: 2F 1-2: Strikes out looking
|
|
Batting: LHB Tokugoro Adachi
|
0-0: Ball 1-0: Called Strike 1-1: Ground out 6-3 (Groundball, 6, EV 100.6 MPH)
|
|
Batting: SHB Duri Chilemba
|
0-0: Ball 1-0: Ball 2-0: Called Strike 2-1: Swinging Strike 2-2: Ball 3-2: Base on Balls
|
|
Pitching: RHP Ramon Pedroza
|
|
|
Pinch Hitting: LHB Claudio Kamminga
|
0-0: Called Strike 0-1: Ball 1-1: Ball 2-1: Foul Ball, location: 2F 2-2: Foul Ball, location: 2F 2-2: DOUBLE (Line Drive, 3D, EV 95.6 MPH) Duri Chilemba to third
|
|
Pinch Hitting: LHB Jon Pedlar
|
0-0: Called Strike 0-1: Ball 1-1: DOUBLE (Line Drive, 78D, EV 102.5 MPH) Duri Chilemba scores Claudio Kamminga scores
|
|
Batting: RHB Jose Evangelista
|
0-0: Ball 1-0: Called Strike 1-1: Swinging Strike 1-2: Foul Ball, location: 2F 1-2: Ball 2-2: Hit by Pitch
|
|
Batting: RHB Tony Soto
|
0-0: Ball 1-0: Called Strike 1-1: Ground out 5-3 (Groundball, 56S, EV 83.1 MPH)
|
| Bottom of the 4th over - 2 runs, 2 hits, 0 errors, 2 left on base; Everett 3 - Connecticut 4 |
| TOP OF THE 5TH |
|
Everett AquaSox batting - Pitching for Connecticut Tigers : RHP Jared Barger
|
|
Now at 2B: Orlando Blanco
|
|
|
Now at SS: Jeremiah Washington
|
|
|
Now in LF: Joe Zimmerman
|
|
|
Now in CF: Emil Wilbrink
|
|
|
Batting: RHB Houston Brock
|
0-0: Called Strike 0-1: Swinging Strike 0-2: Ball 1-2: Strikes out swinging
|
|
Batting: RHB Heihachiro Fujita
|
0-0: SINGLE (Groundball, 3D, EV 103.1 MPH)
|
|
Batting: RHB Tze-meng Li
|
0-0: Ball 1-0: Ball Heihachiro Fujita steals 2nd, throwing error, E2 Heihachiro Fujita to third 2-0: Called Strike 2-1: SINGLE (Groundball, 15S, EV 63.1 MPH) (infield hit)
|
|
Batting: RHB Ryan Criollo
|
0-0: Called Strike Tze-meng Li steals 2nd base 0-1: Ball 1-1: Ball 2-1: Foul Ball, location: 2F 2-2: Fly out, F8 (Flyball, 78M, EV 85.0 MPH)
|
|
Batting: RHB Jesus Santiago
|
0-0: Called Strike 0-1: Swinging Strike 0-2: Ball 1-2: Ball 2-2: SINGLE (Groundball, 4MD, EV 101.2 MPH) Heihachiro Fujita scores Tze-meng Li to third Runner from 3rd tries for Home, SAFE, throw by CF to home
|
|
Pitching: RHP Fernando Fierros
|
|
|
Batting: LHB Addisu Nyamekye
|
0-0: Ball 1-0: SINGLE (Groundball, 34S, EV 72.5 MPH) (infield hit) Jesus Santiago to second
|
|
Batting: RHB Victor Rosas
|
0-0: SINGLE (Groundball, 4D, EV 107.5 MPH) Jesus Santiago to third Addisu Nyamekye to second Runner from 3rd tries for Home, SAFE, throw by RF to home
|
|
Batting: SHB Garrett McKenna
|
0-0: Ground out U3 (Groundball, 34S, EV 79.4 MPH)
|
| Top of the 5th over - 3 runs, 5 hits, 1 error, 2 left on base; Everett 6 - Connecticut 4 |
| BOTTOM OF THE 5TH |
|
Connecticut Tigers batting - Pitching for Everett AquaSox : RHP Ramon Pedroza
|
|
Batting: RHB Jeremiah Washington
|
0-0: Called Strike 0-1: DOUBLE (Line Drive, 78D, EV 104.4 MPH)
|
|
Batting: RHB Kevin Steed
|
0-0: Ball 1-0: Ball 2-0: Called Strike 2-1: Swinging Strike 2-2: Foul Ball, location: 2F 2-2: Strikes out swinging
|
|
Batting: RHB Emil Wilbrink
|
0-0: Ball 1-0: Fly out, F8 (Line Drive, 89M, EV 96.2 MPH)
|
|
Batting: LHB Tokugoro Adachi
|
0-0: Ball 1-0: Called Strike 1-1: Ball 2-1: Ball 3-1: Foul Ball, location: 2F 3-2: Foul Ball, location: 2F 3-2: Base on Balls
|
|
Batting: SHB Duri Chilemba
|
0-0: Ball 1-0: Called Strike 1-1: Swinging Strike 1-2: Ball 2-2: Foul Ball, location: 2F 2-2: Ball 3-2: Strikes out swinging
|
| Bottom of the 5th over - 0 runs, 1 hit, 0 errors, 2 left on base; Everett 6 - Connecticut 4 |
| TOP OF THE 6TH |
|
Everett AquaSox batting - Pitching for Connecticut Tigers : RHP Fernando Fierros
|
|
Batting: RHB Omar Solis
|
0-0: Called Strike 0-1: Swinging Strike 0-2: Ball 1-2: Ball 2-2: Foul Ball, location: 2F 2-2: Foul Ball, location: 2F 2-2: Strikes out swinging
|
|
Batting: RHB Houston Brock
|
0-0: Ground out 4-3 (Groundball, 4, EV 81.9 MPH)
|
|
Batting: RHB Heihachiro Fujita
|
0-0: Ground out 5-3 (Groundball, 56, EV 102.5 MPH)
|
| Top of the 6th over - 0 runs, 0 hits, 0 errors, 0 left on base; Everett 6 - Connecticut 4 |
| BOTTOM OF THE 6TH |
|
Connecticut Tigers batting - Pitching for Everett AquaSox : RHP Ramon Pedroza
|
|
Batting: RHB Joe Zimmerman
|
0-0: Ball 1-0: Swinging Strike 1-1: Called Strike 1-2: Foul Ball, location: 2F 1-2: Foul Ball, location: 2F 1-2: Ground out 5-3 (Groundball, 56S, EV 79.4 MPH)
|
|
Pitching: RHP Kieran Easton
|
|
|
Pinch Hitting: LHB Bobby Adams
|
0-0: SINGLE (Groundball, 34D, EV 100.6 MPH)
|
|
Batting: RHB Jose Evangelista
|
Pickoff Throw to First - Error! E1 Bobby Adams to second 0-0: Swinging Strike 0-1: Ball 1-1: Ball 2-1: Foul Ball, location: 2F 2-2: Ball 3-2: Fly out, F9 (Flyball, 9S, EV 79.4 MPH)
|
|
Batting: RHB Tony Soto
|
0-0: Called Strike 0-1: Ball 1-1: Foul Ball, location: 2F 1-2: Strikes out swinging
|
| Bottom of the 6th over - 0 runs, 1 hit, 1 error, 1 left on base; Everett 6 - Connecticut 4 |
| TOP OF THE 7TH |
|
Everett AquaSox batting - Pitching for Connecticut Tigers : RHP Fernando Fierros
|
|
Now at 2B: Jeremiah Washington
|
|
|
Now at SS: Bobby Adams
|
|
|
Batting: RHB Tze-meng Li
|
0-0: Called Strike 0-1: Ground out 6-3 (Groundball, 56D, EV 103.8 MPH)
|
|
Batting: RHB Ryan Criollo
|
0-0: Called Strike 0-1: Ball 1-1: Ball 2-1: SINGLE (Line Drive, 6D, EV 95.6 MPH)
|
|
Batting: RHB Jesus Santiago
|
0-0: Ball 1-0: Foul Ball, location: 2F 1-1: Grounds into double play, 5-4-3 (Groundball, 56, EV 77.5 MPH)
|
| Top of the 7th over - 0 runs, 1 hit, 0 errors, 0 left on base; Everett 6 - Connecticut 4 |
| BOTTOM OF THE 7TH |
|
Connecticut Tigers batting - Pitching for Everett AquaSox : RHP Kieran Easton
|
|
Batting: RHB Jeremiah Washington
|
0-0: Fly out, F9 (Flyball, 9D, EV 100.0 MPH)
|
|
Batting: RHB Kevin Steed
|
0-0: Ball 1-0: Foul Ball, location: 2F 1-1: Foul Ball, location: 2F 1-2: Ground out 4-3 (Groundball, 4, EV 87.5 MPH)
|
|
Batting: RHB Emil Wilbrink
|
0-0: Swinging Strike 0-1: Foul Ball, location: 2F 0-2: Strikes out swinging
|
| Bottom of the 7th over - 0 runs, 0 hits, 0 errors, 0 left on base; Everett 6 - Connecticut 4 |
| TOP OF THE 8TH |
|
Everett AquaSox batting - Pitching for Connecticut Tigers : RHP Fernando Fierros
|
|
Batting: LHB Addisu Nyamekye
|
0-0: Ball 1-0: Foul Ball, location: 2F 1-1: Swinging Strike 1-2: Ball 2-2: Ball 3-2: Strikes out looking
|
|
Batting: RHB Victor Rosas
|
0-0: Ball 1-0: Foul Ball, location: 2F 1-1: Foul Ball, location: 2F 1-2: Ball 2-2: Strikes out looking
|
|
Batting: SHB Garrett McKenna
|
0-0: Foul Ball, location: 2F 0-1: Ball 1-1: Foul Ball, location: 2F 1-2: Ball 2-2: Strikes out swinging
|
| Top of the 8th over - 0 runs, 0 hits, 0 errors, 0 left on base; Everett 6 - Connecticut 4 |
| BOTTOM OF THE 8TH |
|
Connecticut Tigers batting - Pitching for Everett AquaSox : RHP Kieran Easton
|
|
Pitching: LHP Ben Burton
|
|
|
Batting: LHB Tokugoro Adachi
|
0-0: Called Strike 0-1: Foul Ball, location: 2F 0-2: Ground out U3 (Groundball, 34, EV 85.0 MPH)
|
|
Pinch Hitting: RHB Gerald de Vries
|
0-0: Ball 1-0: Ball 2-0: Ball 3-0: Called Strike 3-1: Base on Balls
|
|
Batting: RHB Joe Zimmerman
|
0-0: Ball 1-0: Called Strike 1-1: Foul Ball, location: 2F 1-2: Foul Ball, location: 2F 1-2: Ball 2-2: Fielders Choice at 2nd, 5-4 (Groundball, 5, EV 96.2 MPH)
|
|
Pinch Hitting: RHB Brandon Everett
|
0-0: Swinging Strike 0-1: Ball 1-1: Foul Ball, location: 2F 1-2: Strikes out swinging
|
| Bottom of the 8th over - 0 runs, 0 hits, 0 errors, 1 left on base; Everett 6 - Connecticut 4 |
| TOP OF THE 9TH |
|
Everett AquaSox batting - Pitching for Connecticut Tigers : RHP Fernando Fierros
|
|
Pitching: LHP Jesse Turner
|
|
|
Now at 2B: Brandon Everett
|
|
|
Now at 3B: Sergio Valbuena
|
|
|
Now at SS: Jeremiah Washington
|
|
|
Batting: RHB Omar Solis
|
0-0: Ball 1-0: Ball 2-0: Foul Ball, location: 2F 2-1: Ball 3-1: Foul Ball, location: 2F 3-2: Strikes out swinging
|
|
Batting: RHB Houston Brock
|
0-0: Swinging Strike 0-1: Swinging Strike 0-2: Strikes out looking
|
|
Batting: RHB Heihachiro Fujita
|
0-0: Called Strike 0-1: Ball 1-1: Swinging Strike 1-2: Ball 2-2: Foul Ball, location: 2F 2-2: Ball 3-2: Foul Ball, location: 2F 3-2: Foul Ball, location: 2F 3-2: TRIPLE (Line Drive, 9LD, EV 103.8 MPH)
|
|
Batting: RHB Tze-meng Li
|
0-0: Ball 1-0: Ball 2-0: Called Strike 2-1: Called Strike 2-2: Ball 3-2: SINGLE (Line Drive, 5D, EV 94.4 MPH) Heihachiro Fujita scores
|
|
Batting: RHB Ryan Criollo
|
Balk! Tze-meng Li to second 0-0: Ball 1-0: Ball 2-0: Ball 3-0: Called Strike 3-1: Foul Ball, location: 2F 3-2: SINGLE (Groundball, 6, EV 103.1 MPH) Tze-meng Li to third Runner from 3rd tries for Home, SAFE, throw by LF to home
|
|
Pitching: RHP Juan Murillo
|
|
|
Batting: RHB Jesus Santiago
|
0-0: Reached on error, E3 (Groundball, 3S, EV 90.6 MPH) Ryan Criollo to second
|
|
Batting: LHB Addisu Nyamekye
|
0-0: Foul Ball, location: 2F 0-1: Ball 1-1: Ground out 4-3 (Groundball, 34, EV 101.9 MPH)
|
| Top of the 9th over - 2 runs, 3 hits, 1 error, 2 left on base; Everett 8 - Connecticut 4 |
| BOTTOM OF THE 9TH |
|
Connecticut Tigers batting - Pitching for Everett AquaSox : LHP Ben Burton
|
|
Pitching: RHP Matt Lane
|
|
|
Batting: RHB Jose Evangelista
|
0-0: Called Strike 0-1: Foul Ball, location: 2F 0-2: Ball 1-2: Ball 2-2: Ground out 6-3 (Groundball, 6, EV 103.8 MPH)
|
|
Batting: RHB Tony Soto
|
0-0: Ground out 6-3 (Groundball, 6, EV 92.5 MPH)
|
|
Batting: RHB Jeremiah Washington
|
0-0: Ball 1-0: Ball 2-0: Called Strike 2-1: Foul Ball, location: 2F 2-2: Foul Ball, location: 2F 2-2: DOUBLE (Line Drive, 9LS, EV 98.8 MPH)
|
|
Batting: RHB Kevin Steed
|
0-0: Ball 1-0: Fly out, F8 (Flyball, 8RD, EV 101.2 MPH)
|
| Bottom of the 9th over - 0 runs, 1 hit, 0 errors, 1 left on base; Everett 8 - Connecticut 4 |
|